 Dungeon Crawl Stone Soup version 0.30-a0-782-ge64f9170bb (console) character file.

Game seed: 4920172336200916139

28 utis the Stinger (level 3, -3/19 HPs)
             Began as a Tengu Wanderer on Mar 11, 2023.
             Slain by a gnoll
             ... wielding a +0 flail
              (9 damage)
             ... on level 1 of the Dungeon.
             The game lasted 00:04:18 (968 turns).

utis the Stinger (Tengu Wanderer)                    Turns: 968, Time: 00:04:18

Health: -3/19      AC:  6    Str: 11    XL:     3   Next: 14%
Magic:  5/5        EV:  8    Int: 13    God:
Gold:   30         SH:  0    Dex: 15    Spells: 3/4 levels left

rFire   . . .      SeeInvis .    a - +0 dagger
rCold   . . .      Faith    .    (no shield)
rNeg    . . .      Spirit   .    c - +0 scale mail
rPois   .          Reflect  .    (helmet restricted)
rElec   .          Harm     .    (no cloak)
rCorr   .          Rampage  .    (no gloves)
Will    .....                    (boots unavailable) Stlth
                                 (no amulet)
HPRegen 0.23/turn                (no ring)
MPRegen 0.09/turn                (no ring)

@: no status effects
A: beak, talons 3
a: no special abilities


You were on level 1 of the Dungeon.
You visited 1 branch of the dungeon, and saw 1 of its levels.

You collected 30 gold pieces.

Inventory:

Hand Weapons
 a - a +0 dagger (weapon)
Armour
 c - a +0 scale mail (worn)
Scrolls
 f - a scroll of teleportation {unknown}
Potions
 b - a potion of heal wounds {@q2}
 d - a potion of lignification {unknown}
 e - a potion of attraction {unknown}


   Skills:
 - Level 2.1 Armour
 - Level 1.0 Spellcasting
 - Level 2.4 Translocations
 - Level 2.0 Transmutations
 + Level 3.2 Poison Magic
 - Level 1.0 Evocations


You had 3 spell levels left.
You knew the following spells:

 Your Spells              Type           Power      Damage    Failure   Level
z - Sting                 Tmut/Pois      28%        1d4       50%         1

Your spell library contained the following spells:

 Spells                   Type           Power      Damage    Failure   Level
 Apportation              Tloc           12%        N/A       52%         1
 Ignite Poison            Fire/Tmut/Pois 5%         N/A       94%         3
 Kindle Blastsparks       Fire/Tloc/Air  4%         2d10      98%         3
 Olgreb's Toxic Radiance  Pois           9%         N/A       99%         4


Dungeon Overview and Level Annotations

Branches:
Dungeon (1/15)

Altars:


Innate Abilities, Weirdness & Mutations

You have a beak for a mouth.
You have claws for feet.


Message History

An endoplasm comes into view.
The gnoll moves out of view.
An endoplasm is nearby!
The endoplasm attacks as you move away! The endoplasm barely misses you.
The endoplasm jiggles.
The endoplasm attacks as you move away! The endoplasm completely misses you.
The endoplasm attacks as you move away! The endoplasm barely misses you.
You hit the endoplasm but do no damage. The endoplasm hits you.
You hit the endoplasm. Your peck misses the endoplasm.
The endoplasm is lightly wounded.
The endoplasm hits you but does no damage.
You barely miss the endoplasm.
The endoplasm is lightly wounded.
The endoplasm freezes you.
You are frozen.
You hit the endoplasm but do no damage.
The endoplasm is lightly wounded.
The endoplasm freezes you.
You are frozen.
You hit the endoplasm but do no damage. You claw the endoplasm.
The endoplasm is heavily wounded.
The endoplasm freezes you.
You are frozen.
You hit the endoplasm but do no damage. You claw the endoplasm.
The endoplasm is severely wounded.
The endoplasm barely misses you.
You hit the endoplasm.
You kill the endoplasm!
The gnoll attacks as you move away! The gnoll closely misses you.
The gnoll attacks as you move away! The gnoll barely misses you.
The gnoll attacks as you move away! The gnoll hits you with a +0 flail!
* * * LOW HITPOINT WARNING * * *
The gnoll attacks as you move away! The gnoll hits you but does no damage.
The gnoll attacks as you move away! The gnoll hits you with a +0 flail.
* * * LOW HITPOINT WARNING * * *
The gnoll attacks as you move away! The gnoll barely misses you.
The gnoll attacks as you move away! The gnoll hits you with a +0 flail.
* * * LOW HITPOINT WARNING * * *
The gnoll attacks as you move away! The gnoll hits you with a +0 flail!
You die...

░.░░░░░░.░ ░.░ ░...... ░.░ ░.░
░.░ ░..░ .. ░.░ ░†░ ░.░ ░..░ B░
░.░ ░░░)░ ░░.░░░░░░░..░ .░ ░.░
░░.░.░░░░░░...........░ .░ ░.░
░.░.............░░░░.░░ .░ ░.░
░░.░.░░░░░░..░░.░ ░░.░░ .░
░░░░.░░░░.░.░░░░░░..░░.░░░...░░.░
................Qg.........†....░
░░░░........░░░░░.░░░.░░░░...░░░░
░..>...>.......░░.............
░.░░░░.░░░░░░░.░░░.......░░░░░
░.░ ░.░ ░.....░░.░░░░ ░.░ ░.░
░░░.░.░░.░ ░.░ ░.░ ░.░.░░.░ ░.░
░.░ ░.░.░░.░ ░.░ ░...░░.░


You could see a gnoll.

Vanquished Creatures
  4 endoplasms (D:1)
  A giant cockroach (D:1)
  2 hobgoblins (D:1)
  4 jackals (D:1)
  2 quokkas (D:1)
  A ball python (D:1)
  3 bats (D:1)
  5 frilled lizards (D:1)
  2 kobolds (D:1)
  2 rats (D:1)
26 creatures vanquished.

Notes
Turn   | Place    | Note
-------+----------+-------------------------------------------
     0 | D:1      | utis the Tengu Wanderer began the quest for the Orb.
     0 | D:1      | utis set off with the following items: a +0 dagger, a
                  | potion of heal wounds {@q2}, a +0 scale mail; and the
                  | following spells available to memorise: Apportation, Sting,
                  | Ignite Poison, Kindle Blastsparks, Olgreb's Toxic Radiance.
     0 | D:1      | Reached XP level 1. HP: 10/10 MP: 3/3
     2 | D:1      | Learned a level 1 spell: Sting
   245 | D:1      | Reached skill level 1 in Transmutations
   304 | D:1      | Reached XP level 2. HP: 15/15 MP: 1/4
   422 | D:1      | Found a faded altar of an unknown god.
   824 | D:1      | Reached XP level 3. HP: 19/19 MP: 5/5
   968 | D:1      | Slain by a gnoll

Illustrated notes

Levels and vault maps discovered:
D:1:      onia_arrival_mini_spirals, layout_loops_ring,
          ebering_ecumenical_altar_hall

Skill      XL: |  1  2 |
---------------+-------+-----
Transmutations | 1 2 |  2.0
Armour         | |  2.1
Spellcasting   | |  1.0
Translocations | |  2.4
Poison Magic   | |  3.2
Evocations     | |  1.0

Action                     || total
---------------------------++-------
  Melee: Dagger            ||    69
         Kick              ||    21
         Peck              ||    11
   Cast: Sting             ||     1
 Armour: Scale mail        ||    26
  Dodge: Dodged            ||    33

Table legend: (Time is in decaauts)
 A = Elapsed time spent in this place.
 B = Non-inter-level travel time spent in this place.
 C = Inter-level travel time spent in this place.
 D = Time resting spent in this place.
 E = Time spent auto-exploring this place.
 F = Levels seen in this place.
 G = Mean time per level.
                   A        B        C        D        E       F      G
               +--------+--------+--------+--------+--------+-----+--------+
         Total |    968 |    968 |      0 |    298 |    407 |   1 |  968.0 |
       Dungeon |    968 |    968 |      0 |    298 |    407 |   1 |  968.0 |
               +--------+--------+--------+--------+--------+-----+--------+

Top non-repeatable levels by time:
     D:1: 968 daAuts
